 Dungeon Crawl Stone Soup version 0.28.0-53-g5a82cb258f (webtiles) character file.

Game seed: 16425480708847300899

2191 Zeld the Geomancer (level 9, -3/45 HPs)
             Began as a Gargoyle Earth Elementalist on May 22, 2022.
             Slain by a killer bee (5 damage)
             ... on level 7 of the Dungeon.
             The game lasted 00:07:23 (9118 turns).

Zeld the Geomancer (Gargoyle Earth Elementalist)    Turns: 9118, Time: 00:07:24

Health: -3/45      AC: 10    Str: 11    XL:     9   Next: 33%
Magic:  0/18       EV: 15    Int: 16    God:
Gold:   18         SH:  0    Dex: 10    Spells: 11/21 levels left

rFire   . . .      SeeInvis .   a - +4 morningstar (protect)
rCold   . . .      Faith    .   (no shield)
rNeg    + + +      Spirit   .   v - +1 robe {rF+}
rPois   ∞          Reflect  .   (no helmet)
rElec   +          Harm     .   (no cloak)
rCorr   .          Rampage  .   (no gloves)
Will    .....                   p - +0 pair of boots
Stlth   +++.......              (no amulet)
HPRegen 0.15/turn               b - ring of Gucal {rElec rF- rN+++ EV+4 Int-5}
MPRegen 0.16/turn               (no ring)

@: no status effects
A: sickness immunity, AC +6, negative energy resistance 1, electricity
resistance, torment resistance 1, petrification resistance
a: no special abilities


You were on level 7 of the Dungeon.
You visited 1 branch of the dungeon, and saw 7 of its levels.

You collected 312 gold pieces.
You spent 294 gold pieces at shops.

Inventory:

Hand Weapons
 a - a +4 morningstar of protection (weapon)
Missiles
 c - 41 stones
Armour
 p - a +0 pair of boots (worn)
 v - a +1 robe of fire resistance (worn)
Jewellery
 b - the ring of Gucal (left hand) {rElec rF- rN+++ EV+4 Int-5}
   (You found it on level 4 of the Dungeon)

   [ring of evasion]

   EV:        It affects your evasion (+4).
   Int:       It affects your intelligence (-5).
   rF:        It makes you vulnerable to fire.
   rElec:     It insulates you from electricity.
   rN:        It renders you almost immune to negative energy.
Wands
 u - a wand of digging (9)
 y - a wand of flame (21)
Scrolls
 d - 2 scrolls of blinking {unknown}
 e - a scroll of fog {unknown}
 f - 5 scrolls of identify {unknown}
 g - a scroll of immolation {unknown}
 k - a scroll of fear {unknown}
 o - a scroll of magic mapping {unknown}
 r - a scroll of enchant armour {unknown}
 s - a scroll of brand weapon {unknown}
Potions
 h - a potion of flight {unknown}
 i - 5 potions of curing {unknown}
 j - a potion of berserk rage {unknown}
 l - 3 potions of mutation {unknown}
 m - 2 potions of might {unknown}
 n - 5 potions of lignification {unknown}
 q - a potion of heal wounds {unknown}
 t - 2 potions of degeneration {unknown}
 w - a potion of invisibility {unknown}
 x - a potion of resistance {unknown}


   Skills:
 * Level 1.2 Maces & Flails
 - Level 1.5 Dodging
 + Level 6.1 Stealth
 * Level 6.6 Spellcasting
 + Level 4.0 Transmutations
 * Level 9.1 Earth Magic


You had 11 spell levels left.
You knew the following spells:

 Your Spells              Type           Power      Damage    Failure   Level
a - Sandblast             Erth           68%        2d15      1%          1
b - Passwall              Tmut/Erth      21%        N/A       1%          2
c - Stone Arrow           Conj/Erth      38%        3d9       6%          3
d - Petrify               Tmut/Erth      26%        N/A       9%          4

Your spell library contained the following spells:

 Spells                   Type           Power      Damage    Failure   Level
 Gell's Gravitas          Tloc           5%         N/A       36%         3
 Teleport Other           Tloc           5%         N/A       36%         3
 Dispersal                Tloc           2%         N/A       100%        6


Dungeon Overview and Level Annotations

Branches:
Dungeon (7/15)
 Temple: D:4-7

Altars:
Hepliaklqana
Makhleb
Qazlal
Yredelemnul
Zin

Shops:
D:1 ([


Innate Abilities, Weirdness & Mutations

You are immune to sickness and miasma.
Your stone body is resilient. (AC +6)
You are immune to poison.
You resist negative energy. (rN+)
You are resistant to electric shocks. (rElec)
You are resistant to unholy torment.
You are immune to petrification.


Message History

Your magical contamination has completely faded away.
Aiming: Throw Flame
Press: ? - help, Shift-Dir - straight line, f - killer bee
Aim: a killer bee (39% to hit)
The puff of flame misses the killer bee.
The puff of flame hits the killer bee.
The killer bee is moderately wounded.
The killer bee closely misses you. x2
Aiming: Throw Flame
Press: ? - help, Shift-Dir - straight line, f/p - killer bee
Aim: a killer bee (39% to hit)
The puff of flame hits the killer bee.
The killer bee is moderately wounded.
The killer bee misses you. The killer bee barely misses you.
Unknown command.
Casting: Sandblast (safe; 1% risk of failure)
Confirm with . or Enter, or press ? or * to list all spells.
Aiming: Sandblast (safe; 1% risk of failure)
Press: ? - help, Shift-Dir - straight line, f/p - killer bee
Aim: a killer bee (moderately wounded, 63% to hit)
The blast of sand hits the killer bee!
You kill the killer bee!
c - 41 stones The killer bee misses you. x2
Your Transmutations skill increases to level 4!
Aiming: Throw Flame
Press: ? - help, Shift-Dir - straight line, f - killer bee
Aim: a killer bee (moderately wounded, 39% to hit)
The puff of flame hits the killer bee.
The killer bee is heavily wounded.
The killer bee stings you.
* * * LOW HITPOINT WARNING * * *
The killer bee misses you.
Aiming: Throw Flame
Press: ? - help, Shift-Dir - straight line, f/p - killer bee
Aim: a killer bee (heavily wounded, 39% to hit)
The puff of flame hits the killer bee.
The killer bee is almost dead.
The killer bee stings you.
You die...

############
#..........###########
#.#######..@y......†.#
#.#######..#########.#
#......##..# #.#
#..###.##..# #y#
###..###.##..# #y#
#.........#..# ###.#
#.#..###..#..# ..#.#
#.#..# #..#..###..
#.#.# #.#..#
#....^........#.#


You could see a killer bee.

Vanquished Creatures
  Grinder (D:4)
  Sigmund (D:6)
  A water moccasin (D:5)
  A sky beast (D:7)
  A black bear (D:5)
  3 ogres
  3 bullfrogs
  A gnoll sergeant (D:6)
  2 scorpions
  4 killer bees (D:7)
  A howler monkey (D:6)
  A bullfrog zombie (D:5)
  A centaur skeleton (D:7)
  4 hounds
  A bullfrog skeleton (D:3)
  2 jellies
  Terence (D:3)
  4 iguanas (D:5)
  3 orc wizards
  A scorpion zombie (D:5)
  A hound zombie (D:5)
  A howler monkey zombie (D:6)
  8 gnolls (D:6)
  A howler monkey skeleton (D:4)
  An adder (D:6)
  A white imp (D:7)
  2 ufetubi (D:4)
  5 worms
  A dart slug (D:4)
  8 orcs
  6 bats
  3 endoplasms
  4 giant cockroaches
  3 hobgoblins
  3 jackals (D:1)
  5 quokkas
  8 ball pythons
  5 frilled lizards
  3 goblins
  4 kobolds
  9 rats
119 creatures vanquished.

Notes
Turn   | Place    | Note
-------+----------+-------------------------------------------
     0 | D:1      | Zeld the Gargoyle Earth Elementalist began the quest for
                  | the Orb.
     0 | D:1      | Reached XP level 1. HP: 10/10 MP: 3/3
   151 | D:1      | Reached XP level 2. HP: 15/15 MP: 1/5
   156 | D:1      | Reached skill level 1 in Transmutations
   159 | D:1      | Learned a level 2 spell: Passwall
   290 | D:1      | Found a faded altar of an unknown god.
   332 | D:1      | Reached skill level 4 in Earth Magic
   363 | D:1      | Found Deam's Armour Emporium.
   763 | D:1      | Reached XP level 3. HP: 11/19 MP: 1/6
   767 | D:1      | Learned a level 3 spell: Stone Arrow
  1098 | D:1      | Found Zutsof's Weapon Emporium.
  2248 | D:3      | Reached XP level 4. HP: 21/24 MP: 2/7
  2299 | D:3      | Noticed Terence
  2728 | D:3      | Found a stormy altar of Qazlal.
  2906 | D:3      | Noticed a scorpion
  2917 | D:3      | Killed a scorpion
  2918 | D:3      | Reached XP level 5. HP: 17/28 MP: 1/9
  2923 | D:3      | Learned a level 4 spell: Petrify
  3148 | D:3      | Reached skill level 5 in Earth Magic
  3539 | D:3      | Killed Terence
  3632 | D:3      | Found a stormy altar of Qazlal.
  4099 | D:4      | Noticed Grinder
  4107 | D:4      | Paralysed by Grinder for 3 turns
  4111 | D:4      | Killed Grinder
  4112 | D:4      | Reached skill level 6 in Earth Magic
  4112 | D:4      | Reached XP level 6. HP: 31/32 MP: 3/11
  4224 | D:4      | Reached XP level 7. HP: 36/36 MP: 9/13
  4278 | D:4      | Identified the ring of Gucal {rElec rF- rN+++ EV+4 Int-5}
  4995 | D:5      | Entered Level 5 of the Dungeon
  5292 | D:5      | Reached skill level 7 in Earth Magic
  5424 | D:5      | Reached XP level 8. HP: 41/41 MP: 6/15
  5574 | D:5      | Reached skill level 5 in Spellcasting
  5708 | D:5      | Reached skill level 5 in Stealth
  6918 | D:6      | Reached skill level 8 in Earth Magic
  6989 | D:6      | Noticed Sigmund
  7191 | D:6      | Killed Sigmund
  7688 | D:6      | Found a burning altar of Makhleb.
  7736 | D:6      | Reached XP level 9. HP: 45/45 MP: 8/18
  8056 | D:6      | Found a hazy altar of Hepliaklqana.
  8059 | D:6      | Found a basalt altar of Yredelemnul.
  8062 | D:6      | Found a glowing silver altar of Zin.
  8543 | D:7      | Reached skill level 9 in Earth Magic
  8806 | D:1      | Bought a +4 morningstar of protection for 294 gold pieces
  9106 | D:7      | Reached skill level 1 in Maces & Flails
  9117 | D:7      | HP: 2/45 [killer bee (5)]
  9118 | D:7      | Slain by a killer bee

Illustrated notes

Levels and vault maps discovered:
D:1:      saegor_arrival_simple_c, layout_loops_ring, serial_shops,
          nicolae_shop_temple_entry_statues_fountains, shop,
          shapermc_ecumenical_altar_totnotflames, minmay_distorted
D:2:      layout_basic, grunt_decor_one_mirror, nicolae_wormholes
D:3:      layout_basic, grunt_qazlal_sundering, uniq_terence
D:4:      layout_basic, uniq_grinder
D:5:      layout_cave_pods
D:6:      layout_loops_ring, bloody_makhleb, grunt_temple_overflow_diamond,
          uniq_sigmund
D:7:      layout_loops_ring, minmay_temple_entry_glassed_door

Skill      XL: |  1  2  3  4  5  6  7  8  9 |
---------------+----------------------------+-----
Transmutations | 1 2 3 4 |  4.0
Earth Magic    | 4 6 7 8 9 |  9.1
Stealth        | 3 4 5 6 |  6.1
Spellcasting   | 3 4 6 |  6.6
Maces & Flails | 1 |  1.2
Dodging        | |  1.5

Action                   |  1- 3 |  4- 6 |  7- 9 || total
-------------------------+-------+-------+-------++-------
Melee: Unarmed           |    26 |     2 |    13 ||    41
       Morningstar       |       |       |     9 ||     9
 Cast: Sandblast         |    63 |    46 |    53 ||   162
       Stone Arrow       |       |     2 |    70 ||    72
       Passwall          |       |     1 |       ||     1
Evoke: Wand              |       |       |     4 ||     4
 Stab: Sleeping          |     1 |       |       ||     1
Armor: Robe              |    13 |     5 |    36 ||    54
Dodge: Dodged            |    27 |    17 |    92 ||   136
